 Dungeon Crawl Stone Soup version 0.18.1-50-g88ac8fd (webtiles) character file.

219 varam the Poker (level 5, -2/42 HPs)
             Began as a Merfolk Skald on Oct 22, 2016.
             Slain by an iguana (9 damage)
             ... on level 4 of the Dungeon.
             The game lasted 00:11:43 (4253 turns).

varam the Poker (Merfolk Skald)                     Turns: 4253, Time: 00:11:43

Health: -2/42      AC:  7    Str: 13    XL:     5   Next: 96%
Magic:  5/8        EV: 11    Int: 12    God:
Gold:   157        SH:  0    Dex: 13    Spells: 2 memorised, 5 levels left

rFire  . . .     SeeInvis .     a - +0 spear
rCold  . . .     Gourm    .     s - +0 ring mail
rNeg   . . .     Faith    .     (no shield)
rPois  .         Spirit   .     w - +1 helmet
rElec  .         Dismiss  .     (no cloak)
rCorr  .         Reflect  .     (no gloves)
SustAt .         Harm     .     (no boots)
MR     .....                    (no amulet)
Stlth  +.........               (no ring)
                                (no ring)

@: not resistant to hostile enchantments, very unstealthy
A: change form in water, swift swim
a: no special abilities


You were on level 4 of the Dungeon.
You were not hungry.

You visited 1 branch of the dungeon, and saw 4 of its levels.

You collected 157 gold pieces.

Inventory:

Hand Weapons
 a - a +0 spear (weapon)
Armour
 b - a +0 leather armour
 s - a +0 ring mail (worn)
 v - a +0 buckler
 w - a +1 helmet (worn)
Jewellery
 p - an uncursed ring of flight {unknown}
Scrolls
 e - 2 scrolls of noise {unknown}
 h - a scroll of magic mapping {unknown}
 i - a scroll of blinking {unknown}
 l - a scroll of fear {unknown}
 m - a scroll of random uselessness {unknown}
 o - 2 scrolls of amnesia {unknown}
 q - a scroll of remove curse {unknown}
 r - 2 scrolls of teleportation {unknown}
 t - 2 scrolls of identify {unknown}
 u - 2 scrolls of recharging {unknown}
Potions
 g - 2 potions of curing {@q1}
 j - a potion of lignification {unknown}
 k - a potion of flight {unknown}
 n - 2 potions of ambrosia {unknown}
Books
 c - a book of Battle

   Spells                             Type                      Level
   a - Infusion                       Charms                       1
   b - Shroud of Golubria             Charms/Translocation         2
   c - Song of Slaying                Charms                       2
   d - Spectral Weapon                Hexes/Charms                 3
   e - Regeneration                   Charms/Necromancy            3
Comestibles
 d - 3 bread rations
 f - 5 chunks of flesh


   Skills:
 + Level 3.7 Fighting
 * Level 6.7 Polearms
 - Level 0.8 Armour
 - Level 1.8 Dodging
 - Level 2.2 Spellcasting
 - Level 3.7 Charms


You had 5 spell levels left.
You knew the following spells:

 Your Spells              Type           Power        Failure   Level  Hunger
a - Song of Slaying       Chrm           ##......     21%         2    ###....
z - Infusion              Chrm           ##..         14%         1    ##.....


Dungeon Overview and Level Annotations

Branches:
Dungeon (4/15)
 Temple: D:4-7

Altars:

Shops:
D:4 (


Message History

Your magical infusion is running out.
You feel sick.
You feel sick.
You feel sick.
You are no longer magically infusing your attacks.
You feel sick.
You feel sick.
The orc throws a stone.
The stone barely misses you.
You feel sick.
You see here 2 stones.
There is an open door here.
You see here a stone.
You feel sick.
You feel sick.
You are no longer poisoned.
There is an open door here.
An iguana comes into view.
The iguana hisses angrily.
The iguana bites you!
You die...

######≈≈≈≈≈≈≈≈≈≈≈....
......≈P≈≈≈≈PP≈P≈..P..≈≈♣≈≈.P.##
######≈≈≈≈≈≈≈≈≈≈≈.....≈≈≈≈≈≈...#
#≈≈P≈≈≈P≈≈≈≈.....♣♣≈≈≈≈♣.♣#
#≈≈P≈P..≈≈≈≈.# ♣..♣♣♣≈≈...♣#
###≈P≈.....≈P≈.###P..P.......# #
#................#.P.....P....
####............@l....###........
'................s.oo...'.......(
####....######.###....###........
#....(.(<.# #........# ##......(
#.#####.#.# #######.## ##.....#
#.# #.#.# #.# ##...## #.# ###.#.#
..# ##+## #.# #...#.# ##♣...# #.#
#.# #.###.# #.....# #.#


You could see a scorpion, an iguana and 2 orcs.

Vanquished Creatures
  An iguana (D:4)
  A hound skeleton (D:4)
  9 adders
  A worm (D:4)
  2 dart slugs
  2 giant geckos (D:3)
  7 orcs (D:4)
  8 bats
  2 giant cockroaches (D:3)
  8 goblins
  6 hobgoblins
  12 jackals
  A quokka (D:4)
  4 ball pythons
  3 giant newts (D:1)
  A jackal skeleton (D:4)
  5 kobolds
  13 rats
86 creatures vanquished.

Vanquished Creatures (others)
  2 bushes (D:2)
  A plant (D:4)
3 creatures vanquished.

Grand Total: 89 creatures vanquished

Notes
Turn   | Place    | Note
--------------------------------------------------------------
     0 | D:1      | varam the Merfolk Skald began the quest for the Orb.
     0 | D:1      | Reached XP level 1. HP: 16/16 MP: 3/3
   161 | D:2      | Reached XP level 2. HP: 5/22 MP: 0/5
   402 | D:2      | Learned a level 2 spell: Song of Slaying
   748 | D:2      | Reached XP level 3. HP: 27/28 MP: 3/6
   759 | D:1      | Reached skill level 4 in Polearms
  1413 | D:2      | Reached XP level 4. HP: 31/34 MP: 3/7
  1682 | D:2      | Reached skill level 5 in Polearms
  2711 | D:3      | Reached XP level 5. HP: 39/40 MP: 3/8
  3128 | D:3      | Reached skill level 6 in Polearms
  3253 | D:4      | Found Ykocwibu's Antique Weapon Emporium.
  3908 | D:4      | Noticed a centaur
  4070 | D:4      | Noticed a phantom
  4253 | D:4      | Slain by an iguana

Skill      XL: |  1  2  3  4  5 |
---------------+----------------+-----
Polearms       | 4 5 6 |  6.7
Fighting       | 3 |  3.7
Armour         | |  0.8
Dodging        | |  1.8
Spellcasting   | |  2.2
Charms         | |  3.7

Action                   |  1- 3 |  4- 6 || total
-------------------------+-------+-------++-------
Melee: Spear             |   101 |   217 ||   318
 Cast: Infusion          |    17 |    23 ||    40
       Song of Slaying   |     3 |    11 ||    14
  Use: Potion            |       |     1 ||     1
 Stab: Sleeping          |     1 |     3 ||     4
  Eat: Chunk             |     2 |     5 ||     7
       Bread ration      |       |     1 ||     1
       Pizza             |       |     1 ||     1
Armor: Leather armour    |    39 |    28 ||    67
       Ring mail         |       |    13 ||    13
Dodge: Dodged            |    64 |   118 ||   182
